 Dungeon Crawl Stone Soup version 0.31-b1-18-g61460d1e46 (webtiles) character file.

Game seed: 5021424995175102194

114 Esekla the Covert (level 4, -5/31 HPs)
             Began as an Octopode Delver on Jan 17, 2024.
             Was an Initiate of Gozag.
             Slain by an iguana (8 damage)
             ... on level 5 of the Dungeon.
             The game lasted 00:05:09 (231 turns).

Esekla the Covert (Octopode Delver)                  Turns: 231, Time: 00:05:09

Health: -5/31      AC:  1    Str: 11    XL:     4   Next: 98%
Magic:  11/14      EV: 13    Int: 14    God:    Gozag
Gold:   4          SH:  0    Dex: 13    Spells: 4/4 levels left

rFire   . . .        b - +7 spear of Summoning Quick Death {pain, MP+9}
rCold   . . .        (no shield)
rNeg    . . .        (helmet restricted)
rPois   .            (no amulet)
rElec   .            (no ring)
rCorr   .            (no ring)
SInv    .            (no ring)
Will    .....        (no ring)
Stlth   +++++        (no ring)
HPRegen 0.25/turn    (no ring)
MPRegen 0.14/turn    (no ring)
                     (no ring)

%: no passive effects
@: lethally poisoned (-5 -> -20), weak-willed, gold aura
A: almost no armour, amphibious, 8 rings, camouflage 1, gelatinous body 1,
(nimble swimmer 1), tentacles
a: Renounce Religion, Potion Petition, Call Merchant, Bribe Branch


You were on level 5 of the Dungeon.
You worshipped Gozag.
Gozag was noncommittal.
You visited 1 branch of the dungeon, and saw 1 of its levels.

You collected 19 gold pieces.
You paid 15 gold pieces to Gozag.

Inventory:

Hand Weapons
 a - a +0 falchion
 b - the +7 spear of Summoning Quick Death (weapon) {pain, MP+9}
   (You found it on level 5 of the Dungeon)

   MP+9:      It affects your magic capacity (+9).
Wands
 f - a wand of digging (3)


   Skills:
 * Level 3.5 Fighting
 * Level 2.4 Long Blades
 + Level 0.3 Polearms
 * Level 2.4 Dodging
 + Level 8.1 Stealth
 * Level 0.8 Spellcasting


You had 4 spell levels left.
You didn't know any spells.
Your spell library was empty.

Dungeon Overview and Level Annotations

Branches:
Dungeon (5/15)
 Temple: D:4-7

Altars:
Gozag
Uskayaw
The Shining One

Annotations:
D:5 Eustachio


Innate Abilities, Weirdness & Mutations

You cannot wear most types of armour.
You are amphibious.
You can wear up to eight rings at the same time.
Your skin changes colour to match your surroundings (Stealth+).
Your rubbery body absorbs attacks. (AC +1, EV +1)
((You are camouflaged when in or above water. (Stealth+)))
You have tentacles for arms and can constrict up to eight enemies at once.


Message History

You squeeze the bombardier beetle.
You kill the bombardier beetle!
Eustachio twirls his moustache.
You have reached level 4!
Reach: b) +7 spear of Summoning Quick Death {pain, MP+9}
Press: ? - help, Dir - move target, f - jelly
Aim: a jelly (weak-willed, about 9% to evade the +7 spear of Summoning Quick Death)
You reach to attack!
You hit the jelly.
The jelly is lightly wounded.
The jelly is distracted by your dazzling golden aura.
Reach: b) +7 spear of Summoning Quick Death {pain, MP+9}
Press: ? - help, Dir - move target, f/p - jelly
Aim: a jelly (lightly wounded, unaware, weak-willed, hasn't noticed you, about 9% to evade the +7 spear of Summoning Quick Death)
You reach to attack!
The jelly quivers.
You hit the jelly.
The jelly is no longer distracted by gold.
The jelly is heavily wounded.
You puncture the jelly!
You kill the jelly!
Your Stealth skill increases to level 8!
You closely miss Eustachio. Your grab misses Eustachio.
Eustachio gestures wildly while chanting.
Eustachio closely misses you.
You hit Eustachio. Your grab misses Eustachio.
Eustachio is lightly wounded.
The bat closely misses you. The iguana bites you!
Eustachio hits you with a +1 rapier of venom.
You aren't carrying any potions.
You hit Eustachio. You grab Eustachio.
Eustachio is moderately wounded.
You constrict Eustachio, but do no damage.
The bat completely misses you. The iguana misses you.
The bat is distracted by your dazzling golden aura.
Eustachio hits you with a +1 rapier of venom!
* * * LOW HITPOINT WARNING * * *
You are lethally poisoned!
The iguana bites you!
You die...
Your body crumbles into a pile of gold.

#..####....####l.............,,*,
##.# #...### ##..#...........,**,
*..#*##..#####...###.....#.,,,,,,
....* #....>.##l.##...#..#*,,,,,*
....*##..@.......#...##,##**,***,
....##.......##.##..##*,,*#,,,,,,
.....#......B######..#*,...,,,,,,
B............#.b8#...##....*****,
,,,...$.$.$.$.b@@##........***,,*
,,...........#.l8#......##.,,,,,,
*,...........#####.####.#***,,,*,
*,,,...............# *## *****,
,,,,........#.#...## **
,,,<.......#####...#*
,,,,,......,,,,.....#**
,,,,,......,,,..###...*
,,,,,.###.#,,...,,,..##


You could see Eustachio (weak-willed), an iguana and 2 bats.

Vanquished Creatures
  A jelly (D:5)
  A bombardier beetle (D:5)
  A hound (D:5)
  A sleepcap (D:5)
4 creatures vanquished.

Notes
Turn   | Place    | Note
-------+----------+-------------------------------------------
     0 | D:5      | Esekla the Octopode Delver began the quest for the Orb.
     0 | D:5      | Reached XP level 1. HP: 16/16 MP: 1/1
     7 | D:5      | Found a hide-covered altar of Uskayaw.
    32 | D:5      | Found a glowing golden altar of the Shining One.
    49 | D:5      | Noticed a sleepcap
    72 | D:5      | Noticed a black bear
    86 | D:5      | Noticed a hound
    95 | D:5      | Noticed a bombardier beetle
   106 | D:5      | Noticed a jelly
   114 | D:5      | Found an opulent altar of Gozag.
   121 | D:5      | Noticed Eustachio
   132 | D:5      | Noticed an iguana
   160 | D:5      | Killed a hound
   161 | D:5      | Reached skill level 7 in Stealth
   161 | D:5      | Reached XP level 2. HP: 13/21 MP: 2/2
   161 | D:5      | Reached XP level 3. HP: 16/26 MP: 3/3
   168 | D:5      | Identified the +7 spear of Summoning Quick Death {pain,
                  | MP+9}
   221 | D:5      | Became a worshipper of Gozag Ym Sagoz the Greedy
   226 | D:5      | Reached XP level 4. HP: 31/31 MP: 4/4
   229 | D:5      | Reached skill level 8 in Stealth
   231 | D:5      | Slain by an iguana

Illustrated notes

Levels and vault maps discovered:
D:5:      layout_cave_pools, nicolae_tso_besieged_by_evil,
          nicolae_uskayaw_suspiria, grunt_gozag_breadcrumbs,
          minmay_misc_feat_rows, uniq_eustachio

Skill      XL: |  1  2  3  4 |
---------------+-------------+-----
Stealth        | 7 8 |  8.1
Fighting       | |  3.5
Long Blades    | |  2.4
Polearms       | |  0.3
Dodging        | |  2.4
Spellcasting   | |  0.8

Action                     |  1- 3 |  4- 6 || total
---------------------------+-------+-------++-------
  Melee: Falchion          |     2 |       ||     2
         Tentacles         |     5 |       ||     5
         Constrict         |     4 |     1 ||     5
         Spear             |     8 |     6 ||    14
    Use: Scroll            |     4 |       ||     4
         Potion            |     1 |       ||     1
 Armour: Skin              |     5 |     4 ||     9
  Dodge: Dodged            |     8 |     4 ||    12
